General information
- name: BNet
- type: Ladder team game (AT/RT)
- host: Battle.net
- saver: FascistTunes
map: Deadlock
- players: 8
- length: 42:30
- speed: Fast
- version: 1.26 W3XP
- replay type: Public
» download(241 KB)
Players
team 1 (loser)
rayka (
purple | 89 APM | 1030 actions | 11:32)
2 Archmage
1 Summon Water Elemental
1 Brilliance Aura
» actions
| Assign group hotkey | 44 | |
| Basic commands | 11 | |
| Build / train | 41 | |
| Enter build submenu | 16 | |
| Enter hero's abilities submenu | 2 | |
| Right click | 411 | |
| Select / deselect | 170 | |
| Select group hotkey | 305 | |
| Use ability | 30 | |
1030 total
» units
| Peasant | 16 | |
| Footman | 7 | |
| Rifleman | 1 | |
| Priest | 1 | |
| Flying Machine | 1 | |
26 total
» upgrades
| Defend | 1 | |
| Lumber Harvesting | 1 | |
| Masonry | 1 | |
3 total
» buildings
| Altar of Kings | 1 | |
| Barracks | 2 | |
| Farm | 6 | |
| Town Hall | 1 | |
| Lumber Mill | 1 | |
| Keep | 1 | |
| Blacksmith | 1 | |
| Arcane Vault | 1 | |
| Arcane Sanctum | 2 | |
| Workshop | 1 | |
| Castle | 1 | |
18 total
» build order
00:06 Altar of Kings
00:08 Barracks
00:22 Farm
00:46 Farm
01:35 Farm
02:33 Barracks
03:39 Town Hall
04:21 Lumber Mill
05:26 Keep
06:41 Blacksmith
06:42 Arcane Vault
07:51 Arcane Sanctum
07:54 Arcane Sanctum
08:15 Workshop
08:17 Castle
08:22 Farm
09:28 Farm
09:30 Farm
» items
| Boots of Speed | 1 | |
| Potion of Healing | 2 | |
| Healing Salve | 1 | |
| Scroll of Speed | 1 | |
| Scroll of Regeneration | 1 | |
6 total

»
ResuRgenty (
yellow | 57 APM | 976 actions | 17:05)
3 Blademaster
2 Wind Walk
1 Critical Strike
2 Shadow Hunter
1 Healing Wave
1 Hex
» actions
| Assign group hotkey | 49 | |
| Basic commands | 80 | |
| Build / train | 53 | |
| Enter build submenu | 17 | |
| Enter hero's abilities submenu | 5 | |
| Give item / drop item | 2 | |
| Right click | 318 | |
| Select / deselect | 176 | |
| Select group hotkey | 225 | |
| Use ability | 51 | |
976 total
» units
| Peon | 15 | |
| Grunt | 8 | |
| Shaman | 3 | |
| Tauren | 4 | |
| Spirit Walker | 2 | |
32 total
» upgrades
| Shaman Training | 2 | |
| Spirit Walker Training | 2 | |
| Pulverize | 1 | |
| Melee Weapons | 1 | |
6 total
» buildings
| Altar of Storms | 1 | |
| Orc Burrow | 6 | |
| Voodoo Lounge | 1 | |
| Barracks | 1 | |
| Stronghold | 1 | |
| War Mill | 1 | |
| Spirit Lodge | 1 | |
| Fortress | 1 | |
| Great Hall | 1 | |
| Tauren Totem | 2 | |
| Watch Tower | 2 | |
18 total
» build order
00:07 Altar of Storms
00:12 Orc Burrow
00:22 Voodoo Lounge
01:22 Orc Burrow
01:47 Barracks
03:26 Stronghold
04:36 Orc Burrow
04:42 War Mill
05:59 Spirit Lodge
06:01 Fortress
06:43 Orc Burrow
08:37 Great Hall
09:00 Tauren Totem
09:02 Tauren Totem
14:31 Orc Burrow
14:33 Orc Burrow
14:53 Watch Tower
14:56 Watch Tower
» items
| Healing Salve | 1 | |
| Lesser Clarity Potion | 1 | |
| Orb of Lightning | 1 | |
| Scroll of Town Portal | 1 | |
| Potion of Mana | 1 | |
| Potion of Healing | 1 | |
6 total

»
MAGNO (
orange | 38 APM | 661 actions | 17:17)
3 Blademaster
2 Wind Walk
1 Critical Strike
» actions
| Basic commands | 9 | |
| Build / train | 40 | |
| Enter build submenu | 27 | |
| Enter hero's abilities submenu | 3 | |
| Remove unit from queue | 2 | |
| Right click | 265 | |
| Select / deselect | 266 | |
| Use ability | 49 | |
661 total
» units
» upgrades
| Ranged Weapons | 2 | |
| Armor | 1 | |
| Envenomed Spears | 1 | |
| Spiked Barricades | 1 | |
| Reinforced Defenses | 1 | |
| Shaman Training | 1 | |
7 total
» buildings
| Orc Burrow | 5 | |
| Altar of Storms | 1 | |
| Voodoo Lounge | 1 | |
| Stronghold | 1 | |
| War Mill | 1 | |
| Beastiary | 2 | |
| Fortress | 1 | |
| Spirit Lodge | 1 | |
| Great Hall | 1 | |
| Arcane Sanctum | 1 | |
| Workshop | 2 | |
| Watch Tower | 10 | |
| Town Hall | 1 | |
28 total
» build order
00:11 Orc Burrow
00:17 Altar of Storms
00:51 Voodoo Lounge
02:35 Stronghold
03:47 War Mill
04:07 Orc Burrow
05:03 Beastiary
05:06 Beastiary
05:20 Orc Burrow
06:43 Fortress
08:48 Spirit Lodge
08:55 Orc Burrow
09:45 Orc Burrow
10:12 Great Hall
11:51 Arcane Sanctum
11:56 Workshop
12:02 Workshop
12:19 Watch Tower
12:25 Watch Tower
12:57 Watch Tower
13:18 Watch Tower
14:07 Town Hall
14:18 Watch Tower
14:36 Watch Tower
15:13 Watch Tower
15:28 Watch Tower
15:51 Watch Tower
16:01 Watch Tower
» items
| Healing Salve | 1 | |
| Lesser Clarity Potion | 1 | |
| Orb of Lightning | 1 | |
3 total
EVERYTIMEWETUCH (
green | 55 APM | 2356 actions | 42:29)
7 Tauren Chieftain
3 War Stomp
3 Endurance Aura
1 Reincarnation
2 Shadow Hunter
1 Healing Wave
1 Hex
1 Blademaster
1 Critical Strike
» actions
| Assign group hotkey | 42 | |
| Basic commands | 12 | |
| Build / train | 115 | |
| Enter build submenu | 19 | |
| Enter hero's abilities submenu | 10 | |
| Right click | 997 | |
| Select / deselect | 300 | |
| Select group hotkey | 718 | |
| Use ability | 143 | |
2356 total
» units
| Peon | 18 | |
| Grunt | 4 | |
| Wind Rider | 13 | |
| Troll Batrider | 14 | |
| Tauren | 4 | |
| Shaman | 8 | |
| Peasant | 3 | |
| Raider | 11 | |
75 total
» upgrades
| Reinforced Defenses | 1 | |
| Ranged Weapons | 3 | |
| Armor | 2 | |
| Envenomed Spears | 1 | |
| Shaman Training | 1 | |
| Melee Weapons | 1 | |
9 total
» buildings
| Altar of Storms | 1 | |
| Orc Burrow | 7 | |
| Barracks | 1 | |
| Voodoo Lounge | 1 | |
| Stronghold | 1 | |
| Great Hall | 1 | |
| War Mill | 1 | |
| Watch Tower | 12 | |
| Beastiary | 3 | |
| Fortress | 1 | |
29 total
» build order
00:08 Altar of Storms
00:19 Orc Burrow
00:37 Barracks
01:31 Orc Burrow
01:57 Voodoo Lounge
03:26 Stronghold
04:25 Great Hall
04:29 War Mill
05:19 Orc Burrow
05:47 Watch Tower
05:47 Watch Tower
05:48 Watch Tower
06:37 Beastiary
07:44 Fortress
07:50 Beastiary
08:41 Orc Burrow
09:16 Watch Tower
09:17 Watch Tower
11:17 Watch Tower
11:17 Watch Tower
11:18 Watch Tower
11:18 Watch Tower
12:05 Watch Tower
12:05 Watch Tower
12:05 Watch Tower
12:53 Orc Burrow
12:53 Orc Burrow
17:34 Beastiary
» items
| Healing Salve | 2 | |
| Potion of Healing | 3 | |
| Scroll of Healing | 3 | |
| Potion of Lesser Invulnerability | 1 | |
| Orb of Lightning | 1 | |
| Scroll of Town Portal | 5 | |
15 total
team 2 (winner)
iamlove) (
pink | 85 APM | 3328 actions | 39:20)
6 Blademaster
3 Wind Walk
2 Critical Strike
1 Bladestorm
2 Shadow Hunter
2 Hex
» actions
| Assign group hotkey | 37 | |
| Basic commands | 71 | |
| Build / train | 86 | |
| Enter build submenu | 26 | |
| Enter hero's abilities submenu | 9 | |
| Give item / drop item | 1 | |
| Remove unit from queue | 2 | |
| Right click | 2410 | |
| Select / deselect | 244 | |
| Select group hotkey | 318 | |
| Use ability | 124 | |
3328 total
» units
| Peon | 15 | |
| Grunt | 6 | |
| Harpy Rogue | 1 | |
| Raider | 1 | |
| Troll Batrider | 11 | |
| Tauren | 5 | |
| Shaman | 2 | |
| Wind Rider | 1 | |
42 total
» upgrades
| Ensnare | 1 | |
| Berserker Strength | 1 | |
| Spiked Barricades | 1 | |
| Armor | 2 | |
| Shaman Training | 2 | |
7 total
» buildings
| Altar of Storms | 1 | |
| Barracks | 1 | |
| Orc Burrow | 6 | |
| Voodoo Lounge | 1 | |
| War Mill | 1 | |
| Stronghold | 1 | |
| Watch Tower | 6 | |
| Beastiary | 1 | |
| Spirit Lodge | 2 | |
| Fortress | 4 | |
| Tauren Totem | 2 | |
26 total
» build order
00:12 Altar of Storms
00:24 Barracks
00:32 Orc Burrow
01:19 Voodoo Lounge
02:51 Orc Burrow
03:43 War Mill
04:19 Stronghold
05:11 Watch Tower
05:19 Watch Tower
06:23 Orc Burrow
06:31 Orc Burrow
06:43 Beastiary
07:52 Spirit Lodge
08:59 Fortress
08:59 Fortress
10:34 Watch Tower
10:36 Watch Tower
10:51 Watch Tower
10:53 Watch Tower
11:50 Tauren Totem
11:53 Tauren Totem
12:05 Orc Burrow
12:26 Spirit Lodge
18:12 Orc Burrow
» items
| Healing Salve | 1 | |
| Lesser Clarity Potion | 3 | |
| Potion of Healing | 3 | |
| Potion of Mana | 1 | |
| Orb of Lightning | 4 | |
| Orb of Venom | 1 | |
| Boots of Speed | 1 | |
| Potion of Lesser Invulnerability | 1 | |
15 total
HornyWisp (
blue | 81 APM | 1911 actions | 23:27)
5 Blademaster
3 Wind Walk
2 Critical Strike
3 Shadow Hunter
2 Healing Wave
1 Hex
2 Tauren Chieftain
1 Endurance Aura
1 Shockwave
» actions
| Assign group hotkey | 38 | |
| Basic commands | 307 | |
| Build / train | 81 | |
| ESC pressed | 2 | |
| Enter build submenu | 24 | |
| Enter hero's abilities submenu | 10 | |
| Right click | 565 | |
| Select / deselect | 266 | |
| Select group hotkey | 550 | |
| Use ability | 68 | |
1911 total
» units
| Peon | 17 | |
| Grunt | 10 | |
| Razormane Medicine Man | 1 | |
| Raider | 2 | |
| Troll Batrider | 9 | |
| Demolisher | 4 | |
| Tauren | 2 | |
45 total
» upgrades
| Berserker Strength | 1 | |
| Ensnare | 1 | |
| Melee Weapons | 1 | |
| Pillage | 1 | |
| Armor | 1 | |
| Reinforced Defenses | 1 | |
| Liquid Fire | 1 | |
| Burning Oil | 1 | |
8 total
» buildings
| Orc Burrow | 6 | |
| Altar of Storms | 1 | |
| Barracks | 1 | |
| Voodoo Lounge | 3 | |
| War Mill | 1 | |
| Stronghold | 1 | |
| Great Hall | 2 | |
| Beastiary | 2 | |
| Fortress | 3 | |
| Watch Tower | 7 | |
| Tauren Totem | 1 | |
28 total
» build order
00:04 Orc Burrow
00:10 Altar of Storms
00:30 Barracks
01:40 Orc Burrow
02:20 Voodoo Lounge
02:50 War Mill
03:39 Stronghold
03:55 Orc Burrow
06:34 Great Hall
06:48 Orc Burrow
07:33 Beastiary
07:47 Fortress
07:47 Fortress
07:47 Fortress
09:37 Orc Burrow
10:05 Watch Tower
10:07 Watch Tower
10:27 Watch Tower
11:34 Watch Tower
11:55 Voodoo Lounge
12:06 Tauren Totem
13:14 Orc Burrow
14:11 Beastiary
14:55 Watch Tower
14:58 Watch Tower
15:01 Watch Tower
17:37 Voodoo Lounge
18:06 Great Hall
» items
| Circlet of Nobility | 1 | |
| Healing Salve | 2 | |
| Lesser Clarity Potion | 3 | |
| Scroll of Speed | 3 | |
| Orb of Lightning | 1 | |
| Scroll of Town Portal | 1 | |
11 total
JudasTree (
red | 41 APM | 1742 actions | 42:28)
8 Demon Hunter
3 Evasion
2 Immolation
2 Mana Burn
1 Metamorphosis
» actions
| Assign group hotkey | 112 | |
| Basic commands | 90 | |
| Build / train | 120 | |
| Enter build submenu | 59 | |
| Enter hero's abilities submenu | 8 | |
| Give item / drop item | 7 | |
| Remove unit from queue | 19 | |
| Right click | 780 | |
| Select / deselect | 360 | |
| Select group hotkey | 73 | |
| Use ability | 114 | |
1742 total
» units
» upgrades
| Well Spring | 1 | |
| Ultravision | 1 | |
| Strength of the Wild | 2 | |
| Reinforced Hides | 1 | |
| Druid of the Talon Training | 2 | |
| Nature's Blessing | 1 | |
8 total
» buildings
| Moon Well | 18 | |
| Altar of Elders | 1 | |
| Tree of Ages | 1 | |
| Tree of Eternity | 1 | |
| Hunter's Hall | 1 | |
| Ancient of Wonders | 1 | |
| Tree of Life | 2 | |
| Ancient of Wind | 4 | |
| Ancient Protector | 39 | |
68 total
» build order
00:54 Moon Well
01:07 Altar of Elders
01:21 Moon Well
02:46 Moon Well
02:49 Moon Well
02:51 Moon Well
02:53 Moon Well
02:56 Moon Well
02:57 Moon Well
04:06 Tree of Ages
07:55 Tree of Eternity
07:58 Hunter's Hall
08:01 Moon Well
08:02 Moon Well
08:02 Moon Well
08:03 Moon Well
08:04 Moon Well
08:04 Moon Well
08:04 Moon Well
09:11 Ancient of Wonders
09:31 Moon Well
09:32 Moon Well
09:33 Moon Well
12:36 Tree of Life
12:40 Tree of Life
13:56 Ancient of Wind
13:56 Ancient of Wind
13:57 Ancient of Wind
13:57 Ancient of Wind
19:14 Ancient Protector
19:15 Ancient Protector
19:15 Ancient Protector
19:17 Ancient Protector
19:17 Ancient Protector
19:20 Ancient Protector
19:21 Ancient Protector
19:22 Ancient Protector
19:29 Ancient Protector
19:33 Ancient Protector
19:34 Ancient Protector
19:36 Ancient Protector
19:56 Ancient Protector
19:57 Ancient Protector
19:57 Ancient Protector
19:59 Ancient Protector
20:00 Ancient Protector
20:00 Ancient Protector
20:00 Ancient Protector
20:02 Ancient Protector
20:43 Ancient Protector
20:51 Ancient Protector
20:52 Ancient Protector
21:01 Ancient Protector
21:01 Ancient Protector
21:02 Ancient Protector
21:03 Ancient Protector
21:03 Ancient Protector
21:09 Ancient Protector
21:11 Ancient Protector
21:14 Ancient Protector
21:27 Ancient Protector
21:31 Ancient Protector
21:34 Ancient Protector
21:38 Ancient Protector
21:55 Ancient Protector
21:57 Ancient Protector
22:00 Ancient Protector
22:02 Ancient Protector
» items
| Periapt of Vitality | 2 | |
| Boots of Speed | 1 | |
| Staff of Teleportation | 3 | |
| Tome of Retraining | 1 | |
| Orb of Venom | 1 | |
| Scroll of Healing | 2 | |
| Potion of Lesser Invulnerability | 2 | |
12 total
FascistTunes (
teal | 70 APM | 2977 actions | 42:30)
10 Death Knight
3 Death Coil
3 Unholy Aura
1 Animate Dead
3 Death Pact
» actions
| Assign group hotkey | 31 | |
| Basic commands | 126 | |
| Build / train | 88 | |
| ESC pressed | 2 | |
| Enter build submenu | 45 | |
| Enter hero's abilities submenu | 10 | |
| Give item / drop item | 3 | |
| Right click | 1238 | |
| Select / deselect | 533 | |
| Select group hotkey | 751 | |
| Use ability | 150 | |
2977 total
» units
| Acolyte | 9 | |
| Ghoul | 4 | |
| Crypt Fiend | 4 | |
| Frost Wyrm | 7 | |
| Banshee | 4 | |
28 total
» upgrades
| Creature Attack | 3 | |
| Web | 1 | |
| Creature Carapace | 3 | |
| Ghoul Frenzy | 1 | |
| Freezing Breath | 1 | |
| Banshee Training | 2 | |
| Necromancer Training | 2 | |
| Skeletal Mastery | 1 | |
| Skeletal Longevity | 1 | |
15 total
» buildings
| Altar of Darkness | 1 | |
| Ziggurat | 24 | |
| Crypt | 1 | |
| Graveyard | 1 | |
| Tomb of Relics | 1 | |
| Nerubian Tower | 1 | |
| Halls of the Dead | 1 | |
| Necropolis | 3 | |
| Spirit Tower | 13 | |
| Black Citadel | 1 | |
| Slaughterhouse | 1 | |
| Sacrificial Pit | 1 | |
| Boneyard | 2 | |
| Temple of the Damned | 2 | |
| Great Hall | 1 | |
| Altar of Storms | 1 | |
55 total
» build order
00:05 Altar of Darkness
00:07 Ziggurat
00:26 Crypt
00:47 Graveyard
01:03 Tomb of Relics
01:26 Ziggurat
02:19 Nerubian Tower
03:40 Ziggurat
04:39 Halls of the Dead
05:23 Necropolis
05:49 Spirit Tower
09:12 Necropolis
09:16 Ziggurat
09:18 Ziggurat
09:18 Ziggurat
09:25 Black Citadel
09:29 Slaughterhouse
10:08 Spirit Tower
10:22 Spirit Tower
11:00 Sacrificial Pit
11:45 Spirit Tower
12:04 Boneyard
12:05 Boneyard
12:10 Ziggurat
13:53 Ziggurat
13:54 Ziggurat
14:13 Spirit Tower
16:17 Spirit Tower
17:43 Ziggurat
19:03 Spirit Tower
19:03 Spirit Tower
23:50 Necropolis
26:37 Ziggurat
26:38 Ziggurat
26:42 Ziggurat
26:43 Ziggurat
27:36 Spirit Tower
27:37 Spirit Tower
27:39 Spirit Tower
29:18 Temple of the Damned
29:19 Temple of the Damned
32:45 Ziggurat
32:46 Ziggurat
32:47 Ziggurat
32:48 Ziggurat
32:49 Ziggurat
32:50 Ziggurat
33:51 Ziggurat
33:52 Ziggurat
33:53 Ziggurat
33:55 Ziggurat
38:22 Great Hall
41:33 Altar of Storms
» items
| Rod of Necromancy | 1 | |
| Dust of Appearance | 2 | |
| Potion of Healing | 2 | |
| Orb of Corruption | 1 | |
| Boots of Speed | 1 | |
| Scroll of Town Portal | 2 | |
| Staff of Teleportation | 1 | |
| Periapt of Vitality | 1 | |
| Scroll of Healing | 2 | |
13 total
Chat log
(00:21 / All) FascistTunes: Why does Horst-Wessel-Lied always improve my play performance when in the background
(01:40 / All) EVERYTIMEWETUCH: that movie was disturbinb
(02:05 / All) EVERYTIMEWETUCH: asian chick drowned her baby
(02:10 / All) EVERYTIMEWETUCH: another left her babies to die on a tree
(02:14 / All) FascistTunes: not surprising
(02:17 / All) FascistTunes: if she is a jap
(02:29 / All) EVERYTIMEWETUCH: chinse
(02:36 / All) FascistTunes: even worse
(04:26 / Allies) JudasTree: bro
(04:29 / Allies) JudasTree: why you steal my exp son
(04:37 / Allies) HornyWisp: talkin to me?
(04:42 / Allies) JudasTree: yeah bro
(04:49 / Allies) JudasTree: not kool at all man
(05:04 / Allies) HornyWisp: how is it urs?
(05:11 / Allies) JudasTree: I was already creeping there
(05:15 / Allies) JudasTree: I didn't need your assistance
(05:26 / Allies) HornyWisp: forgive me then
(05:45 / Allies) HornyWisp: u see, i dont care
(05:51 / Allies) JudasTree: Tit for tat bro
(08:12 / Allies) FascistTunes: help niggers
(08:27 / Allies) HornyWisp: comin
(09:49 / Allies) HornyWisp: teal, got web?
(09:56 / Allies) FascistTunes: yeah
(10:34 / Allies) HornyWisp: web them then
(12:13 / Allies) iamlove): im
(12:14 / Allies) iamlove): melle
(12:16 / Allies) iamlove): u guys take care of aa
(12:17 / Allies) iamlove): bats etc
(12:25 / Allies) FascistTunes: k I'll get air
(13:28 / Allies) iamlove): lumnber any1
(13:34 / Allies) iamlove): tp
(14:21 / Allies) iamlove): aa
(14:22 / Allies) iamlove): asap
(15:18 / Allies) JudasTree: gold
(15:59 / Allies) HornyWisp: teal, spend ur gold or give me some
(16:03 / Allies) iamlove): ?
(16:15 / Allies) iamlove): gold
(16:16 / Allies) iamlove): plz
(17:55 / All) EVERYTIMEWETUCH: the hell kind of name is hornywisp
(18:12 / All) HornyWisp: im sorry if u dont like it
(18:34 / Allies) JudasTree: Wood
(18:36 / Allies) JudasTree: Wood sons
(19:13 / Allies) HornyWisp: go
(20:29 / All) FascistTunes: I don't like horny wisps. My apologies for what I am about to do
(20:39 / Allies) HornyWisp: ....
(20:41 / Allies) iamlove): thx for wells
(20:41 / Allies) iamlove): red
(20:53 / Allies) HornyWisp: wtf teal...
(21:06 / Allies) FascistTunes: I hate otherkin fags
(21:18 / Allies) HornyWisp: ????
(21:43 / Allies) HornyWisp: cant believe it...
(21:50 / Allies) HornyWisp: wtf is ur problem dude???
(21:59 / Allies) iamlove): im being bsed too
(22:00 / Allies) iamlove): its no big deal
(22:01 / Allies) iamlove): lol
(22:07 / Allies) FascistTunes: What is yours, wisphumping nigger?
(23:00 / All) JudasTree: lawl how did my hero die
(23:07 / Allies) FascistTunes: I also don't like blademasters as a UD player
(23:08 / All) EVERYTIMEWETUCH: i thought u were suiciding lawl
(23:13 / All) EVERYTIMEWETUCH: i tried to run away
(23:24 / All) HornyWisp: fucked up game with fucked up team
(23:28 / All) EVERYTIMEWETUCH: i apologize,
(23:32 / All) JudasTree: I was too busy destroying poink's base
(24:04 / Allies) iamlove): lol
(24:06 / Allies) FascistTunes: tree stabbing is too funny
(24:20 / Allies) FascistTunes: very creative strat turncoat, only my second time seeing it being done
(27:26 / All) JudasTree: I'm just following him
(27:31 / Allies) iamlove): come on
(27:33 / Allies) iamlove): leave me alone
(27:34 / Allies) FascistTunes: bringing the hobbits to isengard
(27:34 / All) EVERYTIMEWETUCH: im trying to get u to kill it
(27:36 / All) JudasTree: what are you doing scumbag
(27:44 / All) EVERYTIMEWETUCH: how close to 6
(27:49 / All) EVERYTIMEWETUCH: i want to see my metamporph
(28:35 / All) EVERYTIMEWETUCH: tc dh battle
(29:01 / All) FascistTunes: You can run all day pink, and I can amove you with no effort
(29:16 / All) EVERYTIMEWETUCH: oh u were chasing a bm
(29:23 / All) FascistTunes: Yeah
(29:49 / All) EVERYTIMEWETUCH: that spell is so bullshit
(29:54 / All) FascistTunes: Wind walk?
(29:59 / All) EVERYTIMEWETUCH: u have more than half mana and drain my shit
(30:02 / All) JudasTree: lozl
(30:21 / All) EVERYTIMEWETUCH: raped
(30:24 / All) JudasTree: close
(30:34 / All) EVERYTIMEWETUCH: if i didnt drink health potion u would have won
(30:52 / All) FascistTunes: k killing my shit now
(31:14 / All) JudasTree: TC with like 5 pendants of health is awesome
(31:19 / All) JudasTree: 4 pendants and orb
(31:24 / All) JudasTree: periapts
(31:30 / All) JudasTree: and level 6
(31:43 / All) EVERYTIMEWETUCH: 6 rings of protection +5 on market square is more impressive
(31:45 / All) JudasTree: he gets 1200 extra hps from that
(31:55 / All) EVERYTIMEWETUCH: well 4 i mean
(32:06 / All) JudasTree: But he gets twice hte health from them wit his ult
(32:30 / All) JudasTree: kill my base
(32:36 / All) FascistTunes: I wanted a peon
(32:50 / All) EVERYTIMEWETUCH: i didnt want to kill red's base cuz i thought he would rape me for killing hish ero
(32:59 / All) JudasTree: I don't have anything lozl
(33:04 / All) JudasTree: You gotta kill my base
(33:07 / All) JudasTree: other than DH
(33:07 / All) EVERYTIMEWETUCH: in the future i mean
(33:34 / All) EVERYTIMEWETUCH: i, unlike rod, know not to piss u off
(33:39 / All) JudasTree: lozl
(33:41 / All) iamlove): stfu
(33:43 / All) EVERYTIMEWETUCH: a pissed off turncoat will rape
(34:08 / All) EVERYTIMEWETUCH: if ricethebackstab calls him the #1 troll of all-time, then he is a god not to be trifled with
(34:12 / All) FascistTunes: god damn that looked like more ziggurats than it was
(34:56 / All) EVERYTIMEWETUCH: who?
(35:54 / Allies) iamlove): nub
(35:55 / Allies) iamlove): learn 2 play
(36:00 / Allies) JudasTree: lozl
(36:06 / Allies) JudasTree: You getting a win?
(36:12 / Allies) iamlove): fuck
(36:14 / Allies) iamlove): look at my profile
(36:15 / Allies) iamlove): after game
(36:18 / Allies) JudasTree: Yeah
(36:21 / Allies) iamlove): plz
(36:21 / Allies) JudasTree: You get another loss
(36:23 / Allies) iamlove): do it for me
(36:25 / Allies) FascistTunes: You are 132-112 that is awful
(36:28 / Allies) JudasTree: I can check it now dummy
(36:31 / Allies) iamlove): i have
(36:32 / Allies) iamlove): way to many wins
(36:34 / Allies) iamlove): way to many
(36:40 / All) JudasTree: Yeah 55% is too many these days
(36:41 / Allies) FascistTunes: 47-10 is too many wins. your ell is shit
(36:51 / Allies) iamlove): im 2800-300 u judge on rt records?
(36:52 / Allies) iamlove): lol
(36:53 / All) EVERYTIMEWETUCH: 55%?
(36:55 / Allies) iamlove): i have 30 afccounts
(36:56 / Allies) iamlove): accounts
(37:03 / Allies) FascistTunes: oh i see
(37:12 / All) JudasTree: Your overall score from your entire history doesn't effect ELL
(38:56 / All) FascistTunes: ezpz
(38:57 / Allies) iamlove): fukc u
(38:59 / Allies) iamlove): fuck u
(38:59 / All) JudasTree: That;s one dead BM
(39:01 / All) JudasTree: lol
(39:02 / All) JudasTree: nub
(39:04 / Allies) iamlove): fuck u
(39:12 / All) EVERYTIMEWETUCH: out pink
(39:13 / All) EVERYTIMEWETUCH: out
(39:19 / All) FascistTunes: Any last words pink?
(39:23 / All) FascistTunes: I guess not
(39:24 / All) JudasTree: lol
(39:27 / All) FascistTunes: Which team gets the loss?
(39:28 / All) JudasTree: he just said fuck you a few times
(39:36 / All) JudasTree: Pink IMO
(39:39 / All) EVERYTIMEWETUCH: both teams had mass games, i say ur team
(39:40 / All) JudasTree: What's his team like
(39:51 / All) EVERYTIMEWETUCH: damn this was semi high ell
(40:01 / All) EVERYTIMEWETUCH: purple was 70-42
(41:42 / All) EVERYTIMEWETUCH: rod i let ur worms kill me all game, notice how i dont get ticked off and leave
(41:43 / All) FascistTunes: UD with BM is fun, too bad it can never happen until you've already won
(41:48 / All) EVERYTIMEWETUCH: if i do that to u, u leave so fast
(41:54 / All) FascistTunes: Yes I do lol
(42:08 / All) FascistTunes: Pink gets loss
(42:10 / All) FascistTunes: right?
(42:11 / All) EVERYTIMEWETUCH: next game we play i will punish you
(42:14 / All) EVERYTIMEWETUCH: i dont know
(42:15 / All) JudasTree: Yeh and blue
(42:23 / All) JudasTree: Pink needs a loss like a fat kid needs a diet
(42:24 / All) FascistTunes: k
(42:26 / All) EVERYTIMEWETUCH: another game?